 Dungeon Crawl Stone Soup version 0.31-a0-18-gea43df2a32 (webtiles) character file.

Game seed: 10528076747676615858

635856 oldriver the Imperceptible (level 27, -13/232 HPs)
             Began as a Gnoll Fire Elementalist on Apr 28, 2023.
             Was the Champion of Vehumet.
             Killed from afar by an orb of fire (41 damage)
             ... with a bolt of fire
             ... on level 5 of the Realm of Zot on May 12, 2023.
             The game lasted 04:24:04 (107775 turns).

oldriver the Imperceptible (GnFE)                 Turns: 107775, Time: 04:24:05

Health: -13/232    AC: 43    Str: 12    XL:     27
Magic:  0/47       EV: 23    Int: 37    God:    Vehumet [******]
Gold:   7345       SH: 19    Dex: 13    Spells: 2/66 levels left

rFire   + . .        X - staff of air "Tuahujis" {rElec rPois rC+ Str+4 Stlth-}
rCold   x . .        J - +3 buckler {AC+3}
rNeg    + + +        D - melded +2 robe {rC+ rF+}
rPois   ∞            C - +2 hat {Int+3}
rElec   +            s - +2 cloak of the Thief {*Fog Slay-2 SInv Stlth+}
rCorr   +            o - melded +0 pair of gloves "Akhilis" {rPois Str+3 Int+2}
SInv    +            y - melded +2 pair of boots "Joilus" {Str+3 Int+2}
Will    ++...        W - amulet "Osoeq" {Reflect rN+++ rCorr SH+5}
Stlth   ++++++++     E - ring of the Octopus King {Wiz HP+2 AC+2 EV+2 SH+2}
HPRegen 0.00/turn    j - ring "Acepy" {Fire rCorr Int+4}
MPRegen 0.30/turn

%: random rage (3%), reflection, wizardry (x1)
@: statue-form, slightly contaminated, inhibited regen, studying 3 skills, very
slow
A: slow and powerful, torment resistance 1, boosted hp, fangs 1, strong nose,
distributed training, (iridescent scales 2), berserk 1, clever 1, frail 2,
inhibited regeneration, cold vulnerability 1
}: 4/15 runes: decaying, slimy, silver, gossamer
a: End Transformation, Renounce Religion


You were on level 5 of the Realm of Zot.
You worshipped Vehumet.
Vehumet was exalted by your worship.
You were a living statue of rough stone.
You visited 12 branches of the dungeon, and saw 56 of its levels.
You visited the Abyss 1 time.
You also visited: Wizlab.

You collected 10404 gold pieces.
You spent 3059 gold pieces at shops.

Inventory:

Hand Weapons
 h - the +5 double sword "Meadwout" {distort, rPois rC+ Str-3}
   (You subdued it on level 1 of the Depths)

   Str:       It affects your strength (-3).
   rC:        It protects you from cold.
   rPois:     It protects you from poison.
Missiles
 d - a throwing net
 Q - 13 curare-tipped darts
Armour
 o - the +0 pair of gloves "Akhilis" (melded) {rPois Str+3 Int+2}
   (You found it on level 3 of the Elven Halls)

   Str:       It affects your strength (+3).
   Int:       It affects your intelligence (+2).
   rPois:     It protects you from poison.
 s - the +2 cloak of the Thief (worn) {*Fog Slay-2 SInv Stlth+}
   (You found it in a wizard's laboratory)

   *Fog:      It may release a thick cloud of smoke when the wearer is hurt.
   Slay:      It affects your accuracy & damage with ranged weapons and melee
   (-2).
   SInv:      It lets you see invisible.
   Stlth:     It makes you more stealthy.
 y - the +2 pair of boots "Joilus" (melded) {Str+3 Int+2}
   (You found it on level 3 of the Crypt)

   Str:       It affects your strength (+3).
   Int:       It affects your intelligence (+2).
 C - a +2 hat of intelligence (worn)
 D - a +2 robe of resistance (melded)
 J - a +3 buckler of protection (worn)
Magical Staves
 X - the staff of air "Tuahujis" (weapon) {rElec rPois rC+ Str+4 Stlth-}
   (You found it on level 5 of the Pits of Slime)

   [staff of air]

   Base accuracy: +5 Base damage: 5 Base attack delay: 1.2 This weapon's minimum
   attack delay (0.6) is reached at skill level 12.
   Str:       It affects your strength (+4).
   rC:        It protects you from cold.
   rElec:     It insulates you from electricity.
   rPois:     It protects you from poison.
   Stlth:     It makes you less stealthy.
   It falls into the 'Staves' category.
   It is a one-handed weapon.
Jewellery
 e - a ring of positive energy
 j - the ring "Acepy" (right fist) {Fire rCorr Int+4}
   (You took it off an orc on level 5 of the Vaults)

   [ring of fire]

   It enhances your fire magic.
   Int:       It affects your intelligence (+4).
   rF:        It protects you from fire.
   rC:        It makes you vulnerable to cold.
   rCorr:     It protects you from acid and corrosion.
 E - a ring of the Octopus King (left fist) {Wiz HP+2 AC+2 EV+2 SH+2}
   (You took it off a deep elf demonologist on level 3 of the Elven Halls)

   [ring of wizardry]

   It improves your spell success rate.
   AC:        It affects your AC (+2).
   EV:        It affects your evasion (+2).
   HP:        It affects your health (+2).
   SH:        It affects your SH (+2).
 O - the ring of the Kraken {AC+4 Str+6 Slay+2}
   (You bought it in a shop on level 2 of the Elven Halls)

   [ring of protection]

   AC:        It affects your AC (+4).
   Str:       It affects your strength (+6).
   Slay:      It affects your accuracy & damage with ranged weapons and melee
   (+2).
 W - the amulet "Osoeq" (around neck) {Reflect rN+++ rCorr SH+5}
   (You acquired it on level 1 of the Swamp)

   [amulet of reflection]

   It reflects blocked missile attacks.
   rN:        It renders you almost immune to negative energy.
   rCorr:     It protects you from acid and corrosion.
   SH:        It affects your SH (+5).
Wands
 A - a wand of digging (30)
 H - a wand of light (58)
 M - a wand of polymorph (33)
 N - a wand of roots (68)
 V - a wand of flame (81)
 Z - a wand of mindburst (15)
Scrolls
 a - 3 scrolls of poison
 i - 9 scrolls of fog
 k - 9 scrolls of amnesia
 r - 3 scrolls of blinking
 t - 3 scrolls of butterflies
 x - 24 scrolls of teleportation
 K - 6 scrolls of magic mapping
 L - 14 scrolls of fear
 S - 3 scrolls of silence
 U - 34 scrolls of identify
Potions
 b - 6 potions of magic
 c - a potion of mutation
 f - 4 potions of invisibility
 g - 12 potions of ambrosia
 l - 10 potions of flight
 m - 4 potions of cancellation
 n - 33 potions of curing
 p - a potion of heal wounds
 q - 7 potions of might
 u - 5 potions of berserk rage
 z - 7 potions of haste
 F - 5 potions of brilliance
 G - 2 potions of resistance
Miscellaneous
 R - a condenser vane (inert)
 T - a box of beasts (inert)


   Skills:
 + Level 19.5 Fighting
 + Level 19.5 Short Blades
 + Level 19.5 Long Blades
 + Level 19.5 Axes
 + Level 19.5 Maces & Flails
 + Level 19.5 Polearms
 + Level 19.5 Staves
 + Level 19.5 Ranged Weapons
 + Level 19.5 Throwing
 + Level 19.5 Armour
 + Level 20.0 Dodging
 + Level 22.5 Stealth
 + Level 19.5 Shields
 + Level 19.5 Unarmed Combat
 + Level 20.1 Spellcasting
 + Level 16.8 Conjurations
 + Level 16.7 Hexes
 + Level 16.7 Summonings
 + Level 16.7 Necromancy
 + Level 19.3 Translocations
 + Level 16.7 Transmutations
 + Level 17.4 Fire Magic
 + Level 16.7 Ice Magic
 + Level 16.7 Air Magic
 + Level 16.7 Earth Magic
 + Level 16.7 Poison Magic
 + Level 21.1 Invocations
 + Level 21.7 Evocations


You had 2 spell levels left.
You knew the following spells:

 Your Spells              Type           Power      Damage    Failure   Level
a - Statue Form           Tmut/Erth      68%        N/A       1%          6
c - Chain Lightning       Conj/Air       63%        3d84      10%         9
i - Ignition              Fire           64%        3d17      1%          8
l - Lee's Rapid Deconstr  Erth           51%        3d24*     1%          5
m - Iskenderun's Mystic   Conj/Tloc      100%       2d19      0%          4
p - Plasma Beam           Fire/Air       76%        2x1d102   1%          6
s - Iron Shot             Conj/Erth      51%        9d10      1%          6
v - Polar Vortex          Ice            51%        N/A       11%         9
x - Starburst             Conj/Fire      64%        6d17      1%          6
y - Yara's Violent Unrav  Hex/Tmut       51%        3d20      1%          5

Your spell library contained the following spells:

 Spells                   Type           Power      Damage    Failure   Level
 Apportation              Tloc           100%       N/A       0%          1
 Foxfire                  Conj/Fire      100%       2x1d9     0%          1
 Magic Dart               Conj           100%       1d8       0%          1
 Necrotise                Necr           100%       1d9       0%          1
 Sandblast                Erth           100%       2d20      0%          1
 Summon Small Mammal      Summ           100%       N/A       0%          1
 Blink                    Tloc           100%       N/A       0%          2
 Call Imp                 Summ           100%       N/A       0%          2
 Cigotuvi's Dreadful Rot  Necr/Pois/Air  100%       N/A       0%          2
 Ensorcelled Hibernation  Hex/Ice        100%       N/A       0%          2
 Lesser Beckoning         Tloc           100%       N/A       0%          2
 Passwall                 Tmut/Erth      85%        N/A       0%          2
 Poisonous Vapours        Pois/Air       100%       N/A       0%          2
 Scorch                   Fire           100%       2d9       0%          2
 Static Discharge         Conj/Air       100%       2-7/arc   0%          2
 Sublimation of Blood     Necr           100%       N/A       0%          2
 Call Canine Familiar     Summ           100%       N/A       0%          3
 Dazzling Flash           Conj/Hex       100%       N/A       0%          3
 Gell's Gravitas          Tloc           100%       N/A       0%          3
 Hailstorm                Conj/Ice       100%       3d20      0%          3
 Ignite Poison            Fire/Tmut/Pois 100%       N/A       0%          3
 Inner Flame              Hex/Fire       100%       N/A       0%          3
 Mephitic Cloud           Conj/Pois/Air  100%       N/A       0%          3
 Portal Projectile        Hex/Tloc       100%       N/A       0%          3
 Spider Form              Tmut/Pois      100%       N/A       0%          3
 Stone Arrow              Conj/Erth      100%       3d13      0%          3
 Summon Guardian Golem    Hex/Summ       100%       N/A       0%          3
 Swiftness                Air            100%       N/A       0%          3
 Teleport Other           Tloc           100%       N/A       0%          3
 Tukima's Dance           Hex            100%       N/A       0%          3
 Vampiric Draining        Necr           100%       2d13      0%          3
 Vhi's Electric Charge    Tloc/Air       100%       N/A       0%          3
 Volatile Blastmotes      Fire/Tloc      100%       2d18      0%          3
 Airstrike                Air            63%        2d(10-26) 0%          4
 Anguish                  Hex/Necr       51%        N/A       0%          4
 Animate Armour           Summ/Erth      100%       N/A       0%          4
 Animate Dead             Necr           100%       N/A       0%          4
 Cause Fear               Hex            51%        N/A       0%          4
 Dispel Undead            Necr           100%       3d31      0%          4
 Flame Wave               Conj/Fire      100%       2d21      0%          4
 Leda's Liquefaction      Hex/Erth       51%        N/A       0%          4
 Manifold Assault         Tloc           100%       N/A       0%          4
 Olgreb's Toxic Radiance  Pois           100%       N/A       0%          4
 Passage of Golubria      Tloc           100%       N/A       0%          4
 Petrify                  Tmut/Erth      100%       N/A       0%          4
 Sticky Flame             Conj/Fire      100%       2d11      0%          4
 Summon Lightning Spire   Summ/Air       100%       N/A       0%          4
 Fireball                 Conj/Fire      64%        3d24      0%          5
 Iskenderun's Battlesphe  Conj           100%       2d15      0%          5
 Summon Forest            Summ/Tloc      53%        N/A       0%          5
 Agony                    Necr           100%       N/A       1%          5
 Alistair's Intoxication  Tmut/Pois      68%        N/A       1%          5
 Arcjolt                  Conj/Air       63%        1d73      1%          5
 Blade Hands              Tmut           51%        N/A       1%          5
 Freezing Cloud           Conj/Ice/Air   63%        6-21      1%          5
 Irradiate                Conj/Tmut      51%        3d28      1%          5
 Silence                  Hex/Air        63%        N/A       1%          5
 Conjure Ball Lightning   Conj/Air       63%        3x3d23    1%          6
 Death Channel            Necr           51%        N/A       1%          6
 Dispersal                Tloc           55%        N/A       1%          6
 Eringya's Noxious Bog    Tmut/Pois      51%        N/A       1%          6
 Summon Cactus Giant      Summ           51%        N/A       1%          6
 Enfeeble                 Hex            51%        N/A       1%          7
 Haunt                    Necr/Summ      51%        N/A       1%          7
 Malign Gateway           Summ/Tloc      53%        N/A       1%          7
 Orb of Destruction       Conj           52%        9d13      1%          7
 Spellforged Servitor     Conj/Summ      51%        N/A       1%          7
 Storm Form               Tmut/Air       63%        N/A       1%          7
 Summon Hydra             Summ           51%        N/A       1%          7
 Disjunction              Tloc           55%        N/A       1%          8
 Lehudib's Crystal Spear  Conj/Erth      51%        10d12     1%          8
 Maxwell's Capacitive Co  Air            63%        ∞         1%          8
 Discord                  Hex            51%        N/A       2%          8
 Infestation              Necr           51%        N/A       2%          8
 Summon Horrible Things   Summ           51%        N/A       2%          8
 Fire Storm               Conj/Fire      64%        8d16      9%          9
 Shatter                  Erth           51%        3d39*     11%         9


Dungeon Overview and Level Annotations

Branches:
Dungeon (15/15)            Temple (1/1) D:6            Lair (5/5) D:8
  Swamp (4/4) Lair:3       Spider (4/4) Lair:3        Slime (5/5) Lair:5
    Orc (2/2) D:10            Elf (3/3) Orc:2        Vaults (5/5) D:14
  Crypt (3/3) Vaults:2       Tomb (0/3) Crypt:3      Depths (4/4) D:15
    Zot (5/5) Depths:4     WizLab (visited)

Altars:
Ashenzari
Cheibriados
Dithmenos
Elyvilon
Fedhas
Gozag
Hepliaklqana
Kikubaaqudgha
Makhleb
Nemelex Xobeh
Okawaru
Qazlal
Ru
Sif Muna
Trog
Uskayaw
Vehumet
Wu Jian
Xom
Yredelemnul
Zin
The Shining One
Jiyva
Lugonu

Shops:
D:5 (   D:7 !   Orc:2 *?**   Elf:2 (=   Depths:1 [   Depths:3 *!=!

Portals:
Hell: Depths:1 Depths:2 Depths:3 Depths:4
Abyss: Crypt:2 Depths:3
Pandemonium: Depths:1 Depths:2 Depths:3 Depths:4
Ziggurat: Depths:3

Annotations:
D:13 3 runed translucent doors, Gint's ghost, journeyman HOFi
Lair:5 1 runed translucent door, pokedragonboy's ghost, journeyman TeCj
Swamp:3 1 runed translucent door, mandoloar's ghost, adept HOFi
Spider:3 2 transporters, Haunul's ghost, adept GrCj
Elf:2 3 runed translucent doors
Crypt:1 3 runed translucent doors
Zot:3 1 transporter


Innate Abilities, Weirdness & Mutations

You are a living statue of rough stone.
Your actions are slow, but your melee attacks are powerful.
You are resistant to unholy torment.
Your maximum health is greatly increased.
You are immune to poison.
Your equipment is partially melded.
You have very sharp teeth.
Your uncanny sense of smell can sniff out nearby items.
Your experience applies equally to all skills.
((You are mostly covered in iridescent scales. (AC +4)))
You sometimes lose your temper in combat.
Your mind is acute. (Int +4, Str/Dex -1)
You are very frail. (-20% HP)
You do not regenerate when monsters are visible.
You are vulnerable to cold. (rC-)


Message History

Casting: Iron Shot (safe; 1% risk of failure)
Confirm with . or Enter, or press ? or * to list all spells.
You don't have enough magic to cast this spell.
Unknown command.
You miss the orb of fire. Your bite misses the orb of fire.
The orb of fire is almost destroyed.
You closely miss the orb of fire. Your bite misses the orb of fire.
The orb of fire is almost destroyed.
The orb of fire glows bright magenta.
The bolt of fire misses you.
Casting: Iron Shot (safe; 1% risk of failure)
Confirm with . or Enter, or press ? or * to list all spells.
You don't have enough magic to cast this spell.
You hit the orb of fire but do no damage.
The orb of fire is almost destroyed.
The orb of fire glows bright magenta.
The fireball explodes!
The fireball engulfs you!! You resist.
* * * LOW HITPOINT WARNING * * *
The fireball engulfs the orb of fire.
The orb of fire completely resists.
You hear a shout!
You feel better.
You feel better.
The orb of fire glows yellow.
The bolt of fire hits you! You resist.
* * * LOW HITPOINT WARNING * * *
The orb of fire emits a lurid red light.
The bolt of fire hits you! You resist.
* * * LOW HITPOINT WARNING * * *
Casting: Iron Shot (safe; 1% risk of failure)
Confirm with . or Enter, or press ? or * to list all spells.
Aiming: Iron Shot (safe; 1% risk of failure)
Press: ? - help, Shift-Dir - straight line, f - orb of fire
Aim: an orb of fire (severely damaged, 50% to hit)
The iron shot misses the orb of fire.
The orb of fire glows yellow.
Strange energies course through your body.
You feel vulnerable to cold.
The orb of fire glows deep purple.
The bolt of fire hits you!!! You resist.
You die...

. #...#............ ..
#...#............
...#########...#.........#..
.......#......<#............
..^...⌠#.......#[))L........
.......'.......'.))..⌠......
.......#..)..###............
.......#.....# #########....
.......#...8*# #....
^..##+##.....# ####. #+
#.....# #. ####### #. #. #.
#. ##


You could see an orb of fire.

Vanquished Creatures
  the Royal Jelly (Slime:5)
  Mara (Swamp:4)
  2 dread liches (Zot:5)
  5 orbs of fire
  An ancient lich (Zot:5)
  Bai Suzhen (Swamp:3)
  Margery (Crypt:1)
  A curse toe (Zot:1)
  6 caustic shrikes
  A profane servitor (Abyss:7)
  10 golden dragons
  A pearl dragon (Abyss:7)
  3 bone dragons (Abyss:7)
  the Enchantress (Depths:1)
  An electric golem (Zot:3)
  25 tentacled monstrosities
  Jorgrun (Orc:1)
  2 walking crystal tomes (Depths:1)
  Zenata (Vaults:4)
  9 quicksilver dragons
  Mlioglotl (Swamp:3)
  A shard shrike skeleton (Crypt:3)
  9 liches
  4 deep elf blademasters (Elf:3)
  6 titans
  A walking frostbound tome (Depths:3)
  An eldritch tentacle (WizLab)
  4 Orb Guardians
  19 acid blobs
  Frances (Swamp:2)
  3 ancient champions
  8 tengu reavers
  Asterion (Elf:1)
  7 sphinxes
  The ghost of Rudyous the Fighter, an adept DgFE (Swamp:4)
  4 tentacled starspawn
  Agnes (Elf:2)
  Gastronok (Lair:2)
  4 thorn hunters
  15 death cobs
  3 revenants (Crypt:3)
  16 storm dragons
  A daeva (Abyss:7)
  9 shadow dragons
  6 draconian monks
  Roxanne (Swamp:1)
  10 fire giants
  13 rockslimes
  10 deep elf sorcerers
  7 azure jellies
  3 narguns (Depths:1)
  4 draconian knights
  Aizul (Swamp:1)
  11 vault wardens
  6 emperor scorpions
  3 draconian scorchers (Zot:2)
  9 frost giants
  7 ghost moths
  A balrug (Abyss:7)
  Louise (Swamp:1)
  5 curse skulls
  6 deep elf elementalists (Elf:3)
  2 iron dragons
  2 orc warlords
  A draconian shifter (Zot:4)
  15 ironbound preservers
  3 ghouls
  3 war gargoyles
  5 quicksilver oozes (Slime:5)
  A cacodemon (Depths:1)
  4 draconian annihilators
  2 draconian stormcallers (Zot:1)
  3 broodmothers
  2 reapers
  4 spriggan defenders
  12 very ugly things
  8 ironbound thunderhulks
  11 stone giants
  10 vampire knights
  12 dire elephants
  5 deep elf demonologists
  13 white draconians
  10 green draconians
  12 purple draconians
  10 red draconians
  6 bunyips
  7 spark wasps
  9 black draconians
  7 eleionomae
  6 yellow draconians
  12 deep elf annihilators
  12 deep elf death magi
  11 ettins
  11 fire dragons
  7 eidola
  An entropy weaver (shapeshifter) (Vaults:5)
  Josephine (D:10)
  3 blizzard demons
  7 jiangshi
  14 yaktaur captains
  7 deep elf high priests
  3 rakshasas
  9 entropy weavers
  A fenstrider witch zombie (Crypt:1)
  A spectral spriggan (Crypt:3)
  10 great orbs of eyes
  An ice dragon (shapeshifter) (Vaults:5)
  A spriggan zombie (Crypt:2)
  11 ice dragons
  21 hydras
  A caustic shrike simulacrum (Depths:2)
  12 ironbound frosthearts
  31 vault guards
  4 ogre magi
  3 spriggan air magi
  A jorogumo (Spider:4)
  2 peacekeepers
  10 centaur warriors
  4 radroaches
  3 spriggan skeletons
  4 ghost crabs
  11 two-headed ogres
  3 catoblepae
  11 boulder beetles
  4 deep troll shamans
  5 tengu warriors
  7 vampire magi
  22 dancing weapons
  Urug (Orc:1)
  An Orb Guardian skeleton (Crypt:1)
  A death knight (Crypt:1)
  4 deep troll earth magi
  4 death yaks (Lair:2)
  8 alligators
  Sonja (D:12)
  7 thrashing horrors
  A titan zombie (Crypt:1)
  6 sun demons
  Nergalle (Lair:2)
  9 spriggan berserkers
  2 skysharks (Lair:5)
  A soul eater (Crypt:3)
  16 hell knights
  A spatial maelstrom (Abyss:6)
  3 wretched stars (Abyss:7)
  A spectral naga (Crypt:3)
  2 storm dragon zombies (Crypt:1)
  A titan skeleton (Crypt:1)
  27 skeletal warriors
  16 deep elf knights
  6 goliath frogs
  A fire crab (Lair:5)
  2 iron trolls (Depths:1)
  51 deep trolls
  A sixfirhy (Depths:4)
  A skyshark (shapeshifter) (Vaults:5)
  A goliath frog (shapeshifter) (Depths:3)
  4 pharaoh ants
  2 spriggan druids
  A storm dragon skeleton (Crypt:3)
  6 flayed ghosts
  11 orb spiders
  A salamander mystic (Depths:2)
  15 shadow wraiths
  A sun moth (Spider:1)
  An orb spider (shapeshifter) (Vaults:5)
  A glowing orange brain (Depths:1)
  An obsidian statue (WizLab)
  9 wizards
  An elf simulacrum (Crypt:2)
  8 swamp dragons
  10 deep elf archers
  16 ironbound convokers
  2 shadow dragon zombies
  8 necromancers
  11 bog bodies
  A fenstrider witch simulacrum (Crypt:1)
  11 orc knights
  A harpy (Vaults:3)
  6 steelbarb worms
  8 starcursed masses
  11 lindwurms
  An anaconda skeleton (Crypt:2)
  5 orc sorcerers
  44 phantasmal warriors
  A mana viper (shapeshifter) (D:14)
  A fire giant zombie (Crypt:1)
  4 shining eyes
  An iron giant skeleton (Crypt:3)
  7 cyclopes
  33 deep elf zephyrmancers
  35 wolf spiders
  5 will-o-the-wisps
  38 ugly things
  An oklob plant (Swamp:2)
  30 deep elf pyromancers
  4 salamanders (Depths:2)
  3 manticores
  A cyclops (shapeshifter) (Vaults:5)
  A rust devil (Depths:2)
  35 moths of wrath
  2 spectral centaurs (Crypt:3)
  6 elephants (Lair:5)
  Maurice (Orc:1)
  A fire giant skeleton (Depths:2)
  3 worldbinders
  5 large abominations
  An eye of devastation (Slime:5)
  Joseph (D:10)
  3 black mambas
  3 apocalypse crabs (Abyss:7)
  17 vault sentinels
  5 molten gargoyles
  8 smoke demons
  4 torpor snails
  A demonspawn skeleton (WizLab)
  3 orange demons
  A gargoyle (D:11)
  7 demonic crawlers
  9 cane toads
  A green draconian zombie (Crypt:3)
  2 efreet (WizLab)
  An unseen horror (shapeshifter) (Elf:1)
  A rime drake (Lair:5)
  4 tengu conjurers
  A tormentor (Abyss:7)
  9 komodo dragons
  22 yaktaurs
  2 kobold demonologists
  7 freezing wraiths
  A pale draconian zombie (Crypt:2)
  A yaktaur (shapeshifter) (Abyss:7)
  3 ice devils
  2 ancient zymes (Abyss:7)
  A guardian mummy (Crypt:3)
  5 meliai
  2 red devils
  A spectral harpy (Crypt:3)
  An anaconda simulacrum (Crypt:1)
  12 trolls
  A white draconian skeleton (Crypt:2)
  A bloated husk (Swamp:3)
  A wolf spider simulacrum (D:15)
  A hornet (shapeshifter) (Vaults:5)
  Grinder (D:4)
  5 hellwings
  19 tarantellas
  A raiju (shapeshifter) (D:15)
  9 hornets
  32 blink frogs
  9 raiju
  4 tyrant leeches
  34 jumping spiders
  An ettin zombie (Crypt:1)
  A slime creature (shapeshifter) (Vaults:5)
  A harpy skeleton (Crypt:1)
  A centaur simulacrum (D:14)
  A spriggan (shapeshifter) (D:15)
  9 shadows
  A vampire (D:13)
  6 water elementals
  A deep troll skeleton (WizLab)
  102 slime creatures
  24 culicivoras
  9 spriggans
  4 air elementals
  12 flying skulls
  4 wyverns
  3 ynoxinuls
  9 wraiths
  A satyr skeleton (Crypt:3)
  59 yaks
  7 fire elementals
  A human (shapeshifter) (Vaults:4)
  8 golden eyes
  3 basilisks
  3 chaos spawn (Abyss:7)
  68 redbacks
  13 vampire mosquitoes
  A steam dragon (Lair:5)
  3 fire bats
  4 neqoxecs (Abyss:7)
  6 wargs
  2 spatial vortices (WizLab)
  An acid dragon (D:10)
  4 hell hounds (Lair:5)
  A skyshark zombie (Crypt:3)
  13 water moccasins
  17 swamp worms
  A floating eye (shapeshifter) (Vaults:4)
  A merfolk skeleton (Crypt:2)
  2 ice beasts
  6 swamp drakes (Swamp:4)
  23 orc warriors
  An ice dragon simulacrum (Crypt:1)
  2 black bears
  2 sky beasts (Abyss:7)
  6 boggarts
  A lindwurm zombie (Crypt:2)
  16 wolves
  20 ogres
  9 centaurs
  4 phantoms
  Blork the orc (D:4)
  11 bullfrogs
  5 kobold brigands
  An earth elemental (Elf:2)
  A salamander skeleton (Crypt:1)
  A water moccasin zombie (Crypt:3)
  3 scorpions
  4 wights (D:8)
  A shapeshifter skeleton (Crypt:1)
  2 howler monkeys
  8 electric eels
  A crimson imp (WizLab)
  5 lava snakes (Lair:5)
  2 jellies
  4 hounds
  21 orc priests
  Terence (D:3)
  2 sleepcaps
  21 orc wizards
  2 iguanas
  2 sky beast zombies (Crypt:2)
  12 mummies (Crypt:3)
  4 gnolls
  10 adders
  A swamp drake zombie (Crypt:1)
  2 shadow imps
  A swamp drake skeleton (Crypt:1)
  2 white imps
  2 ufetubi
  3 dart slugs
  95 orcs
  6 ball pythons
  3 endoplasms
  2 giant cockroaches (D:2)
  A gnoll zombie (Crypt:2)
  7 goblins
  11 hobgoblins
  6 jackals
  30 kobolds
  3 training dummies (D:5)
  11 bats
  4 frilled lizards
  A frilled lizard skeleton (Crypt:3)
  A rat (D:3)
  A spectral orc (D:12)
  5 butterflies (Lair:1)
  7 foxfires
  5 lurking horrors
  4 starspawn tentacles (Abyss:7)
2455 creatures vanquished.

Vanquished Creatures (collateral kills)
  Frederick (Depths:4)
  A ghost moth (Spider:4)
  An earth elemental (Elf:3)
  32 foxfires
35 creatures vanquished.

Vanquished Creatures (others)
  A tentacled monstrosity (Vaults:5)
  An Orb Guardian (Zot:5)
  An eldritch tentacle (Zot:5)
  A vault warden (Vaults:5)
  A hell knight (Depths:2)
  A tyrant leech (Swamp:3)
  2 blink frogs (Lair:3)
  A water elemental (Elf:1)
  A fire elemental (Elf:2)
  2575 foxfires
  7 starspawn tentacles (Abyss:7)
2592 creatures vanquished.

Grand Total: 5082 creatures vanquished

Notes
Turn   | Place    | Note
-------+----------+-------------------------------------------
     0 | D:1      | oldriver the Gnoll Fire Elementalist began the quest for
                  | the Orb.
     0 | D:1      | Reached XP level 1. HP: 13/13 MP: 6/6
   269 | D:1      | Reached XP level 2. HP: 19/19 MP: 2/7
  1162 | D:1      | Learned a level 2 spell: Scorch
  1359 | D:2      | Reached skill level 5 in Spellcasting
  1359 | D:2      | Reached XP level 3. HP: 25/25 MP: 4/9
  1360 | D:2      | Reached skill level 1 in Invocations
  1387 | D:2      | Reached skill level 1 in Fighting
  1387 | D:2      | Reached skill level 1 in Short Blades
  1387 | D:2      | Reached skill level 1 in Long Blades
  1387 | D:2      | Reached skill level 1 in Axes
  1387 | D:2      | Reached skill level 1 in Maces & Flails
  1387 | D:2      | Reached skill level 1 in Polearms
  1387 | D:2      | Reached skill level 1 in Staves
  1387 | D:2      | Reached skill level 1 in Ranged Weapons
  1387 | D:2      | Reached skill level 1 in Throwing
  1387 | D:2      | Reached skill level 1 in Armour
  1387 | D:2      | Reached skill level 1 in Shields
  1387 | D:2      | Reached skill level 1 in Unarmed Combat
  1387 | D:2      | Reached skill level 1 in Evocations
  1667 | D:2      | Reached XP level 4. HP: 32/32 MP: 7/11
  2400 | D:2      | Reached skill level 1 in Hexes
  2400 | D:2      | Reached skill level 1 in Summonings
  2400 | D:2      | Reached skill level 1 in Necromancy
  2400 | D:2      | Reached skill level 1 in Translocations
  2400 | D:2      | Reached skill level 1 in Transmutations
  2400 | D:2      | Reached skill level 1 in Ice Magic
  2400 | D:2      | Reached skill level 1 in Air Magic
  2400 | D:2      | Reached skill level 1 in Earth Magic
  2400 | D:2      | Reached skill level 1 in Poison Magic
  2940 | D:3      | Noticed Terence
  2951 | D:3      | Killed Terence
  2952 | D:3      | Reached XP level 5. HP: 16/37 MP: 0/12
  3279 | D:3      | You fall into a shaft and drop 2 floors!
  3279 | D:5      | Entered Level 5 of the Dungeon
  3347 | D:5      | Noticed an ogre
  3662 | D:3      | Noticed a water moccasin
  3669 | D:3      | Killed a water moccasin
  3670 | D:3      | Reached skill level 5 in Dodging
  3670 | D:3      | Reached XP level 6. HP: 44/44 MP: 5/14
  3755 | D:3      | Found a stormy altar of Qazlal.
  3763 | D:3      | Noticed an air elemental
  3766 | D:3      | Noticed a fire elemental
  3766 | D:3      | Noticed a water elemental
  4106 | D:3      | Found a broken altar of Ashenzari.
  4689 | D:4      | Noticed Grinder
  4698 | D:4      | Killed Grinder
  4699 | D:4      | Reached XP level 7. HP: 51/51 MP: 5/15
  4958 | D:4      | Reached skill level 5 in Stealth
  5040 | D:4      | Noticed Blork the orc
  5051 | D:4      | Killed Blork the orc
  5702 | D:5      | Reached XP level 8. HP: 58/58 MP: 11/16
  5947 | D:5      | Found a glowing silver altar of Zin.
  6123 | D:5      | Found Puibrus's Firing Range.
  6493 | D:5      | Found a burning altar of Makhleb.
  6651 | D:6      | Found a hazy altar of Hepliaklqana.
  7016 | D:6      | Reached XP level 9. HP: 60/65 MP: 8/18
  7115 | D:6      | Found a hide-covered altar of Uskayaw.
  7273 | D:6      | Found a staircase to the Ecumenical Temple.
  7532 | D:6      | Reached skill level 6 in Stealth
  7884 | Temple   | Entered the Ecumenical Temple
  8620 | D:7      | Found a white marble altar of Elyvilon.
  8750 | D:7      | Found a sacrificial altar of Ru.
  8763 | D:7      | Reached skill level 5 in Invocations
  8898 | D:7      | Found Valeh's Distillery.
  9102 | D:7      | Found a shimmering altar of Xom.
  9487 | D:7      | Bought a potion of curing for 42 gold pieces
  9487 | D:7      | Bought a potion of mutation for 112 gold pieces
  9492 | D:7      | Learned a level 3 spell: Ignite Poison
  9716 | D:8      | Found a staircase to the Lair.
  9760 | D:8      | Noticed a hornet
  9765 | D:8      | Killed a hornet
 10026 | D:8      | Found an iron altar of Okawaru.
 10026 | D:8      | Found a radiant altar of Vehumet.
 10070 | D:8      | Noticed a cyclops
 10080 | D:8      | Killed a cyclops
 10081 | D:8      | Reached skill level 5 in Fighting
 10081 | D:8      | Reached skill level 5 in Short Blades
 10081 | D:8      | Reached skill level 5 in Long Blades
 10081 | D:8      | Reached skill level 5 in Axes
 10081 | D:8      | Reached skill level 5 in Maces & Flails
 10081 | D:8      | Reached skill level 5 in Polearms
 10081 | D:8      | Reached skill level 5 in Staves
 10081 | D:8      | Reached skill level 5 in Ranged Weapons
 10081 | D:8      | Reached skill level 5 in Throwing
 10081 | D:8      | Reached skill level 5 in Armour
 10081 | D:8      | Reached skill level 5 in Shields
 10081 | D:8      | Reached skill level 5 in Unarmed Combat
 10081 | D:8      | Reached skill level 5 in Evocations
 10081 | D:8      | Reached XP level 10. HP: 74/74 MP: 11/20
 10401 | D:8      | Noticed an ogre mage
 10468 | D:8      | Became a worshipper of Vehumet
 10521 | D:8      | Killed an ogre mage
 10522 | D:8      | Reached skill level 7 in Stealth
 10522 | D:8      | Reached skill level 5 in Conjurations
 11070 | D:9      | Noticed a kobold demonologist
 11077 | D:9      | Killed a kobold demonologist
 11369 | Lair:1   | Entered Level 1 of the Lair of Beasts
 11398 | Lair:1   | Noticed a cane toad
 11409 | Lair:1   | Killed a cane toad
 11545 | Lair:1   | Noticed a black mamba
 11563 | Lair:1   | Reached skill level 5 in Hexes
 11563 | Lair:1   | Reached skill level 5 in Summonings
 11563 | Lair:1   | Reached skill level 5 in Necromancy
 11563 | Lair:1   | Reached skill level 5 in Translocations
 11563 | Lair:1   | Reached skill level 5 in Transmutations
 11563 | Lair:1   | Reached skill level 5 in Ice Magic
 11563 | Lair:1   | Reached skill level 5 in Air Magic
 11563 | Lair:1   | Reached skill level 5 in Earth Magic
 11563 | Lair:1   | Reached skill level 5 in Poison Magic
 11563 | Lair:1   | Reached XP level 11. HP: 62/81 MP: 13/22
 11833 | D:8      | Learned a level 4 spell: Flame Wave
 11837 | D:8      | Learned a level 3 spell: Volatile Blastmotes
 12298 | Lair:1   | Reached * piety under Vehumet
 12298 | Lair:1   | Offered knowledge of Kiss of Death by Vehumet.
 13401 | Lair:2   | Noticed a catoblepas
 13421 | Lair:2   | Killed a catoblepas
 13422 | Lair:2   | Reached skill level 8 in Stealth
 13594 | Lair:2   | Noticed Nergalle
 13604 | Lair:2   | Killed Nergalle
 13680 | Lair:2   | Learned a level 4 spell: Anguish
 13752 | Lair:2   | Noticed a death yak
 13759 | Lair:2   | Noticed a death yak
 13760 | Lair:2   | Noticed a death yak
 13763 | Lair:2   | Killed a death yak
 13796 | Lair:2   | Killed a death yak
 13829 | Lair:2   | Noticed a death yak
 13991 | Lair:2   | Noticed Gastronok
 14014 | Lair:2   | Killed Gastronok
 14015 | Lair:2   | Reached XP level 12. HP: 88/91 MP: 11/24
 14944 | Lair:3   | Found a hole to the Spider Nest.
 14989 | Lair:3   | Reached ** piety under Vehumet
 15040 | Lair:3   | Noticed a catoblepas
 15113 | Lair:3   | Offered knowledge of Poisonous Vapours by Vehumet.
 16247 | Lair:4   | Noticed a six-headed hydra
 16256 | Lair:4   | Killed a six-headed hydra
 16257 | Lair:4   | Reached skill level 9 in Stealth
 16548 | Lair:4   | Offered knowledge of Searing Ray by Vehumet.
 16592 | Lair:4   | Learned a level 5 spell: Freezing Cloud
 17394 | Lair:5   | Entered Level 5 of the Lair of Beasts
 17398 | Lair:5   | Noticed a skyshark
 17483 | Lair:5   | Reached XP level 13. HP: 96/98 MP: 19/26
 17531 | Lair:5   | Found a viscous altar of Jiyva.
 17533 | Lair:5   | Found a staircase to the Slime Pits.
 18139 | D:9      | Found an ornate altar of the Wu Jian Council.
 18321 | D:9      | Reached *** piety under Vehumet
 18353 | D:10     | Entered Level 10 of the Dungeon
 18717 | D:10     | Offered knowledge of Hailstorm by Vehumet.
 18722 | D:10     | Learned a level 3 spell: Hailstorm
 19102 | D:10     | Reached **** piety under Vehumet
 19257 | D:10     | Upgraded the game from 0.30-a0-1163-gf69bf04e7a to
                  | 0.31-a0-1-g4198be8af4
 19354 | D:10     | Found a staircase to the Orcish Mines.
 19448 | D:10     | Noticed Joseph
 19454 | D:10     | Offered knowledge of Arcjolt by Vehumet.
 19464 | D:10     | Killed Joseph
 19621 | D:10     | Identified the +1 pair of boots "Rumoib Xute" {*Corrode
                  | Str+3 Int+3}
 19683 | D:10     | Noticed Josephine
 19687 | D:10     | Killed Josephine
 19688 | D:10     | Reached skill level 10 in Spellcasting
 20233 | D:10     | Learned a level 5 spell: Arcjolt
 21546 | D:12     | Reached skill level 10 in Dodging
 21779 | D:12     | Found a basalt altar of Yredelemnul.
 22079 | D:12     | Noticed Sonja
 22083 | D:12     | Killed Sonja
 22378 | Orc:1    | Entered Level 1 of the Orcish Mines
 22630 | Orc:1    | Noticed Maurice
 22638 | Orc:1    | Noticed Urug
 22642 | Orc:1    | Killed Maurice
 22643 | Orc:1    | Reached skill level 10 in Stealth
 22650 | Orc:1    | Killed Urug
 22766 | Orc:1    | Paralysed by an orc sorcerer for 5 turns
 23201 | Orc:2    | Entered Level 2 of the Orcish Mines
 23201 | Orc:2    | Found a staircase to the Elven Halls.
 23343 | Orc:2    | Reached ***** piety under Vehumet
 23343 | Orc:2    | Offered knowledge of Iskenderun's Mystic Blast by Vehumet.
 23474 | Orc:2    | Found a burning altar of Makhleb.
 23806 | Orc:2    | Found Neibb's Assorted Antiques.
 23810 | Orc:2    | Reached XP level 14. HP: 108/108 MP: 22/28
 23818 | Orc:2    | Reached skill level 10 in Invocations
 25066 | Orc:2    | Found Pol Dus's General Store.
 25067 | Orc:2    | Found Teoleum's Magic Scroll Boutique.
 25069 | Orc:2    | Bought a puce potion for 24 gold pieces
 25069 | Orc:2    | Bought a scroll of identify for 54 gold pieces
 25075 | Orc:2    | Bought a scroll of fear for 72 gold pieces
 25075 | Orc:2    | Bought a scroll of teleportation for 54 gold pieces
 25078 | Orc:2    | Found Subbifop's Assorted Antiques.
 25298 | Orc:1    | Noticed Jorgrun
 25357 | Orc:2    | Bought an amethyst potion for 22 gold pieces
 25357 | Orc:2    | Bought a condenser vane for 1000 gold pieces
 25855 | Orc:1    | Killed Jorgrun
 26911 | D:13     | Learned a level 4 spell: Iskenderun's Mystic Blast
 27287 | D:13     | Reached skill level 10 in Fire Magic
 27509 | D:13     | Found a runed translucent gate.
 27510 | D:13     | Found a runed translucent gate.
 27511 | D:13     | Found a runed translucent gate.
 27514 | D:13     | Noticed Gint's ghost (journeyman HOFi)
 28744 | Lair:3   | Reached skill level 10 in Fighting
 28744 | Lair:3   | Reached skill level 10 in Short Blades
 28744 | Lair:3   | Reached skill level 10 in Long Blades
 28744 | Lair:3   | Reached skill level 10 in Axes
 28744 | Lair:3   | Reached skill level 10 in Maces & Flails
 28744 | Lair:3   | Reached skill level 10 in Polearms
 28744 | Lair:3   | Reached skill level 10 in Staves
 28744 | Lair:3   | Reached skill level 10 in Ranged Weapons
 28744 | Lair:3   | Reached skill level 10 in Throwing
 28744 | Lair:3   | Reached skill level 10 in Armour
 28744 | Lair:3   | Reached skill level 10 in Shields
 28744 | Lair:3   | Reached skill level 10 in Unarmed Combat
 28744 | Lair:3   | Reached skill level 10 in Evocations
 29072 | Lair:3   | Found a staircase to the Swamp.
 29373 | Lair:5   | Offered knowledge of Starburst by Vehumet.
 29376 | Lair:5   | Reached XP level 15. HP: 98/115 MP: 14/30
 29502 | Lair:5   | Reached skill level 11 in Stealth
 30381 | Lair:5   | Found a runed translucent door.
 30432 | Lair:5   | Noticed pokedragonboy's ghost (journeyman TeCj)
 32153 | Lair:5   | Found a large runed translucent door.
 32154 | Lair:5   | Found a large runed translucent door.
 32999 | Lair:5   | Learned a level 6 spell: Starburst
 33064 | Spider:1 | Entered Level 1 of the Spider Nest
 33064 | Spider:1 | Noticed an emperor scorpion
 33075 | Lair:3   | Killed an emperor scorpion
 34498 | Spider:1 | Offered knowledge of Lee's Rapid Deconstruction by Vehumet.
 34950 | Lair:3   | Killed a ghost moth
 36418 | Spider:1 | Learned a level 5 spell: Lee's Rapid Deconstruction
 37245 | Spider:2 | Reached XP level 16. HP: 124/124 MP: 6/32
 39546 | Spider:3 | Found a transporter.
 40139 | Spider:3 | Reached skill level 12 in Stealth
 40863 | Spider:3 | Offered knowledge of Plasma Beam by Vehumet.
 41651 | Spider:3 | Found a transporter.
 41656 | Spider:3 | Noticed Haunul's ghost (adept GrCj)
 42331 | Spider:3 | Learned a level 6 spell: Plasma Beam
 42616 | D:14     | Reached skill level 10 in Conjurations
 43974 | D:14     | Found a gate to the Vaults.
 44309 | D:15     | Entered Level 15 of the Dungeon
 44314 | D:15     | Reached XP level 17. HP: 124/133 MP: 30/33
 44830 | D:15     | Reached skill level 10 in Hexes
 44830 | D:15     | Reached skill level 10 in Summonings
 44830 | D:15     | Reached skill level 10 in Necromancy
 44830 | D:15     | Reached skill level 10 in Translocations
 44830 | D:15     | Reached skill level 10 in Transmutations
 44830 | D:15     | Reached skill level 10 in Ice Magic
 44830 | D:15     | Reached skill level 10 in Air Magic
 44830 | D:15     | Reached skill level 10 in Earth Magic
 44830 | D:15     | Reached skill level 10 in Poison Magic
 45028 | D:14     | Offered knowledge of Orb of Destruction by Vehumet.
 46058 | D:15     | Found a staircase to the Depths.
 46459 | Swamp:1  | Entered Level 1 of the Swamp
 46462 | Swamp:1  | Noticed Aizul
 46469 | Swamp:1  | Killed Aizul
 46685 | Swamp:1  | Noticed Louise
 46800 | Swamp:1  | Killed Louise
 47354 | Swamp:1  | Identified Roxanne's Textbook on Quicksand
 47354 | Swamp:1  | Noticed Roxanne
 47648 | Swamp:1  | Identified the +7 trident of Gevef {holy, rCorr Dex-2
                  | Stlth+}
 47743 | Swamp:1  | Killed Roxanne
 47836 | Swamp:1  | Identified a scroll of acquirement
 47836 | Swamp:1  | Acquired the amulet "Osoeq" {Reflect rN+++ rCorr SH+5}
 48108 | Orc:2    | Bought a scroll of fog for 52 gold pieces
 48108 | Orc:2    | Bought a scroll of enchant armour for 97 gold pieces
 48108 | Orc:2    | Bought a scroll of magic mapping for 97 gold pieces
 48108 | Orc:2    | Bought a scroll of amnesia for 52 gold pieces
 48119 | Orc:2    | Learned a level 6 spell: Statue Form
 48605 | Swamp:2  | Noticed Frances
 48607 | Swamp:2  | Killed Frances
 48844 | Swamp:2  | Reached skill level 13 in Stealth
 49021 | Swamp:2  | Identified the +0 spear of Ningour {flame, rPois Str-4 SInv
                  | Stlth+}
 49390 | Swamp:2  | Upgraded the game from 0.31-a0-1-g4198be8af4 to
                  | 0.31-a0-18-gea43df2a32
 49394 | Swamp:3  | Noticed Mlioglotl
 49403 | Swamp:3  | Killed Mlioglotl
 49671 | Swamp:3  | Offered knowledge of Conjure Ball Lightning by Vehumet.
 49690 | Swamp:3  | Noticed Bai Suzhen
 49703 | Swamp:3  | Killed Bai Suzhen
 49723 | Swamp:3  | Reached XP level 18. HP: 58/141 MP: 23/35
 49983 | Swamp:3  | Found a runed translucent door.
 49984 | Swamp:3  | Found a shimmering altar of Xom.
 49984 | Swamp:3  | Noticed mandoloar's ghost (adept HOFi)
 50316 | Swamp:3  | Learned a level 5 spell: Yara's Violent Unravelling
 50322 | Swamp:4  | Entered Level 4 of the Swamp
 50353 | Swamp:4  | Noticed Mara
 50368 | Swamp:4  | Killed Mara
 51083 | Swamp:4  | Noticed Rudyous's ghost (adept DgFE)
 51092 | Swamp:4  | Found a transporter.
 51113 | Swamp:4  | Found a transporter.
 51601 | Swamp:4  | Got a decaying rune of Zot
 52734 | Spider:4 | Entered Level 4 of the Spider Nest
 52917 | Spider:4 | Offered knowledge of Iron Shot by Vehumet.
 54653 | Spider:4 | Reached XP level 19. HP: 149/149 MP: 31/37
 55134 | Spider:4 | Reached ****** piety under Vehumet
 55370 | Spider:4 | Got a gossamer rune of Zot
 56137 | Vaults:1 | Entered Level 1 of the Vaults
 56414 | Vaults:1 | Reached skill level 14 in Stealth
 58272 | Vaults:1 | Learned a level 6 spell: Iron Shot
 58304 | Vaults:2 | Offered knowledge of Chain Lightning by Vehumet.
 58304 | Vaults:2 | Offered knowledge of Polar Vortex by Vehumet.
 58304 | Vaults:2 | Offered knowledge of Maxwell's Capacitive Coupling by
                  | Vehumet.
 58928 | Vaults:2 | Reached skill level 15 in Invocations
 59545 | Vaults:2 | Found a staircase to the Crypt.
 59688 | Vaults:2 | Reached XP level 20. HP: 158/158 MP: 15/38
 59942 | Vaults:2 | You fall into a shaft and drop 1 floor!
 61663 | Vaults:3 | Reached skill level 15 in Spellcasting
 62344 | Vaults:3 | Reached skill level 15 in Dodging
 63173 | Vaults:4 | Reached skill level 15 in Stealth
 64327 | Vaults:4 | Noticed Zenata
 64332 | Vaults:4 | Killed Zenata
 64333 | Vaults:4 | Reached XP level 21. HP: 166/166 MP: 32/40
 64794 | Crypt:1  | Entered Level 1 of the Crypt
 64808 | Crypt:1  | Noticed Margery
 64811 | Crypt:1  | Killed Margery
 65903 | Crypt:1  | Found a runed translucent gate.
 65904 | Crypt:1  | Found a runed translucent gate.
 65904 | Crypt:1  | Found a runed translucent gate.
 67053 | Crypt:2  | Acquired 1001 gold pieces
 67055 | Crypt:2  | Acquired a book of Alchemy
 67060 | Crypt:2  | Acquired the +18 Lear's hauberk
 67060 | Crypt:2  | Found the +18 Lear's hauberk
 67284 | Crypt:2  | Found a corrupted altar of Lugonu.
 67376 | Crypt:2  | Found a one-way gate to the infinite horrors of the Abyss.
 67492 | Crypt:2  | Reached skill level 15 in Fighting
 67492 | Crypt:2  | Reached skill level 15 in Short Blades
 67492 | Crypt:2  | Reached skill level 15 in Long Blades
 67492 | Crypt:2  | Reached skill level 15 in Axes
 67492 | Crypt:2  | Reached skill level 15 in Maces & Flails
 67492 | Crypt:2  | Reached skill level 15 in Polearms
 67492 | Crypt:2  | Reached skill level 15 in Staves
 67492 | Crypt:2  | Reached skill level 15 in Ranged Weapons
 67492 | Crypt:2  | Reached skill level 15 in Throwing
 67492 | Crypt:2  | Reached skill level 15 in Armour
 67492 | Crypt:2  | Reached skill level 15 in Shields
 67492 | Crypt:2  | Reached skill level 15 in Unarmed Combat
 67492 | Crypt:2  | Reached skill level 15 in Evocations
 68045 | Crypt:3  | Entered Level 3 of the Crypt
 68874 | Crypt:3  | Found a staircase to the Tomb.
 68950 | Crypt:3  | Learned a level 5 spell: Lee's Rapid Deconstruction
 69272 | Crypt:3  | Reached XP level 22. HP: 175/175 MP: 18/42
 69631 | Crypt:3  | Found a basalt altar of Yredelemnul.
 69906 | Crypt:3  | Learned a level 8 spell: Ignition
 70066 | Crypt:3  | Identified the +2 pair of boots "Joilus" {Str+3 Int+2}
 70425 | Crypt:3  | Reached skill level 16 in Stealth
 70838 | Elf:1    | Entered Level 1 of the Elven Halls
 70853 | Elf:1    | Paralysed by an air elemental for 1 turns
 71902 | Elf:1    | Noticed Asterion
 71904 | Elf:1    | Killed Asterion
 72860 | Elf:2    | Noticed Agnes
 73007 | Elf:2    | Paralysed by an air elemental for 1 turns
 73010 | Elf:2    | Paralysed by an air elemental for 1 turns
 73070 | Elf:2    | Found Poecelats's Jewellery Boutique.
 73074 | Elf:2    | Bought the ring of the Kraken {AC+4 Str+6 Slay+2} for 832
                  | gold pieces
 73129 | Elf:2    | Found a magical portal.
 73159 | WizLab   | Entered The Roulette of Golubria
 73159 | WizLab   | Found a transporter.
 73169 | WizLab   | Found the +2 cloak of the Thief {*Fog Slay-2 SInv Stlth+}
 73169 | WizLab   | Found a corrupted altar of Lugonu.
 73312 | WizLab   | Found a transporter.
 73350 | WizLab   | Found a transporter.
 73656 | WizLab   | Found a transporter.
 73656 | WizLab   | Found a transporter.
 73675 | WizLab   | Found a transporter.
 73777 | WizLab   | Found a transporter.
 73811 | WizLab   | Found a transporter.
 74038 | WizLab   | Found a transporter.
 74042 | WizLab   | Found a transporter.
 74094 | WizLab   | Found a transporter.
 74094 | WizLab   | Found a transporter.
 74240 | WizLab   | Found a transporter.
 74374 | WizLab   | Found a transporter.
 74374 | WizLab   | Found a corrupted altar of Lugonu.
 74509 | WizLab   | Found a transporter.
 74584 | WizLab   | Found a transporter.
 74584 | WizLab   | Found a transporter.
 74585 | WizLab   | Paralysed by an air elemental for 1 turns
 74724 | WizLab   | Found a transporter.
 74724 | WizLab   | Found a transporter.
 74736 | WizLab   | Got Golubria's Octavo of Transposition
 74757 | WizLab   | Found a transporter.
 74973 | Elf:2    | Killed Agnes
 75946 | Elf:2    | Found Ytuptu's Antique Weapon Boutique.
 76595 | Elf:2    | Found a runed translucent gate.
 76606 | Elf:2    | Found a runed translucent gate.
 76607 | Elf:2    | Found a runed translucent gate.
 76672 | Elf:3    | Entered Level 3 of the Elven Halls
 76777 | Elf:3    | Found a flickering gateway to a bazaar.
 76839 | Elf:3    | Reached XP level 23. HP: 183/183 MP: 39/43
 78126 | Elf:3    | Identified the +0 morningstar of Moral Flaws {pain, Fly rF+
                  | Dex+4}
 78140 | Elf:3    | Found the ring of the Octopus King {Wiz HP+2 AC+2 EV+2
                  | SH+2}
 78550 | Elf:3    | Identified the +3 trident of Disarray {pain, *Noise rPois
                  | Int+2}
 78556 | Elf:3    | Got the Enchiridion on Leadership
 78608 | Elf:3    | Identified the +0 pair of gloves "Akhilis" {rPois Str+3
                  | Int+2}
 79992 | Vaults:5 | Entered Level 5 of the Vaults
 79994 | Vaults:5 | Reached skill level 17 in Stealth
 80001 | Vaults:5 | Noticed a golden dragon
 80003 | Vaults:5 | Reached skill level 15 in Fire Magic
 80123 | Vaults:5 | Reached XP level 24. HP: 182/193 MP: 44/44
 80130 | Vaults:5 | Reached skill level 15 in Translocations
 80138 | Vaults:5 | Identified the ring "Acepy" {Fire rCorr Int+4}
 80682 | Vaults:5 | Identified the +1 mace "Tiel Ily" {venom, *Corrode *Slow
                  | rPois Int+8}
 80699 | Vaults:5 | Identified the +1 long sword "Jelly's Funeral" {spect,
                  | rPois rF+ Will+ Stlth+}
 80908 | Vaults:5 | Identified the staff of earth "Ridek" {rN++}
 80990 | Vaults:5 | Identified the +3 scale mail of the Lizard {-Tele rElec
                  | Int+4}
 81278 | Vaults:5 | Got a silver rune of Zot
 81315 | Vaults:5 | Reached skill level 18 in Stealth
 81718 | Vaults:5 | Identified the +1 arbalest of Floral Honour {speed, rF+
                  | rN+++ Will- Str+3}
 81894 | Vaults:5 | Identified the staff of air "Ryvecs" {rElec rPois}
 82738 | Swamp:4  | Killed Rudyous's ghost
 82849 | Swamp:4  | Identified the +0 leather armour "Onkizipu" {Int+7 Dex+2
                  | SInv}
 83664 | Depths:1 | Entered Level 1 of the Depths
 83669 | Depths:1 | Identified the +9 dagger of Grim Exoneration {spect, *Slow
                  | rN+++ MP+9 Str-3}
 84002 | Depths:1 | Identified the +5 double sword "Meadwout" {distort, rPois
                  | rC+ Str-3}
 84058 | Depths:1 | Noticed the Enchantress
 84796 | Depths:1 | Killed the Enchantress
 85106 | Depths:1 | Found a gateway to Hell.
 85197 | Depths:1 | Found a one-way gate leading to the halls of Pandemonium.
 85283 | Depths:1 | Found Olocal's Antique Armour Boutique.
 85290 | Depths:1 | Bought a shiny helmet for 135 gold pieces
 85290 | Depths:1 | Bought an ominously black robe for 102 gold pieces
 85290 | Depths:1 | Identified the +2 robe "Ilaosurch" {Int+4} (You bought it
                  | in a shop on level 1 of the Depths)
 85362 | Depths:2 | Noticed a caustic shrike
 85478 | Depths:2 | Reached XP level 25. HP: 201/201 MP: 44/44
 85783 | Depths:2 | Reached skill level 15 in Conjurations
 86112 | Depths:2 | Found a bloodstained altar of Trog.
 86734 | Depths:3 | Reached skill level 19 in Stealth
 86734 | Depths:3 | Identified the +2 leather armour of a Labyrinth {rPois
                  | Regen+ Str+4 Int-2}
 86734 | Depths:3 | Identified the amulet of the Past {Faith Str+4 Dex+3}
 87384 | Depths:3 | Identified the +7 triple sword "Punlaneat" {freeze, rElec
                  | Will+}
 87391 | Depths:3 | Reached skill level 15 in Hexes
 87391 | Depths:3 | Reached skill level 15 in Summonings
 87391 | Depths:3 | Reached skill level 15 in Necromancy
 87391 | Depths:3 | Reached skill level 15 in Transmutations
 87391 | Depths:3 | Reached skill level 15 in Ice Magic
 87391 | Depths:3 | Reached skill level 15 in Air Magic
 87391 | Depths:3 | Reached skill level 15 in Earth Magic
 87391 | Depths:3 | Reached skill level 15 in Poison Magic
 88050 | Depths:3 | Found Xewk's Distillery.
 88056 | Depths:3 | Bought a potion of heal wounds for 65 gold pieces
 88056 | Depths:3 | Bought a potion of heal wounds for 65 gold pieces
 88056 | Depths:3 | Bought a potion of mutation for 104 gold pieces
 88056 | Depths:3 | Bought 2 potions of curing for 78 gold pieces
 88073 | Depths:3 | Found Tuntuon's Jewellery Shoppe.
 88102 | Depths:3 | Found Kabefash's General Store.
 88222 | Depths:3 | Found a one-way gateway to a ziggurat.
 88244 | Depths:3 | Found Amiwn's Distillery.
 88798 | Depths:3 | Identified the +1 dagger "Tyaseceff" {venom, rElec}
 89265 | Depths:4 | Entered Level 4 of the Depths
 89866 | Depths:4 | Noticed Frederick
 89872 | Depths:4 | Killed Frederick
 90192 | Depths:4 | Reached XP level 26. HP: 211/211 MP: 24/45
 91021 | Depths:4 | Found a gate to the Realm of Zot.
 91287 | Zot:1    | Entered Level 1 of the Realm of Zot
 91429 | Zot:1    | Reached skill level 20 in Stealth
 92485 | Zot:1    | Noticed an orb of fire
 93277 | Elf:2    | Learned a level 4 spell: Manifold Assault
 93697 | Zot:1    | Gained mutation: You occasionally lose the ability to drink
                  | potions when taking damage. [an orb of fire]
 93703 | Zot:1    | Killed an orb of fire
 93707 | Zot:1    | Lost mutation: You occasionally lose the ability to drink
                  | potions when taking damage. [potion of mutation]
 93707 | Zot:1    | Gained mutation: You are agile. (Dex +4, Str/Int -1)
                  | [potion of mutation]
 93707 | Zot:1    | Gained mutation: You possess an exceptional clarity of
                  | mind. [potion of mutation]
 94679 | Zot:1    | Learned a level 7 spell: Storm Form
 95306 | Zot:2    | Noticed an orb of fire
 95351 | Zot:2    | Lost mutation: You possess an exceptional clarity of mind.
                  | [an orb of fire]
 95352 | Zot:2    | Gained mutation: Your magical capacity is low. (-10% MP)
                  | [an orb of fire]
 95354 | Zot:2    | Gained mutation: Your body sometimes deteriorates upon
                  | taking damage. [an orb of fire]
 95356 | Zot:2    | Killed an orb of fire
 95357 | Zot:2    | Lost mutation: Your magical capacity is low. (-10% MP)
                  | [potion of mutation]
 95357 | Zot:2    | Lost mutation: Your body sometimes deteriorates upon taking
                  | damage. [potion of mutation]
 95357 | Zot:2    | Lost mutation: You are agile. (Dex +4, Str/Int -1) [potion
                  | of mutation]
 95357 | Zot:2    | Gained mutation: You are partially covered in iridescent
                  | scales. (AC +2) [potion of mutation]
 95357 | Zot:2    | Gained mutation: You have a pair of small horns on your
                  | head. [potion of mutation]
 95357 | Zot:2    | Gained mutation: Your spells are a little easier to cast,
                  | but a little less powerful. [potion of mutation]
 95357 | Zot:2    | Gained mutation: You are strong-willed. (Will+) [potion of
                  | mutation]
 96355 | Zot:3    | Identified the ring of the Writhing Seer {*Slow rC+ Will+
                  | Dex+3}
 97382 | Slime:1  | Entered Level 1 of the Pits of Slime
 97935 | Slime:2  | Reached XP level 27. HP: 219/219 MP: 31/46
 98279 | Slime:3  | Reached skill level 21 in Stealth
 98953 | Slime:4  | Paralysed by a great orb of eyes for 3 turns
 99156 | Slime:5  | Entered Level 5 of the Pits of Slime
 99645 | Slime:5  | Noticed the Royal Jelly
100424 | Slime:5  | Found a viscous altar of Jiyva.
101331 | Slime:5  | Killed the Royal Jelly
101496 | Slime:5  | Identified the +0 crystal plate armour of the Ecumenical
                  | Temple {Int+3}
101501 | Slime:5  | Identified the +11 broad axe of a Billion Artisans {drain,
                  | Dex+4 Stlth+}
101546 | Slime:5  | Identified the amulet "Fotavvuu" {Spirit +Blink}
101564 | Slime:5  | Got a slimy rune of Zot
101565 | Slime:5  | Identified the staff of air "Tuahujis" {rElec rPois rC+
                  | Str+4 Stlth-}
101583 | Slime:5  | Identified the +0 chain mail "Naptagif" {rElec Regen+}
101587 | Slime:5  | Identified the +5 scale mail of the Lich-sworn {Str+6}
101828 | Abyss:6  | Cast into level 6 of the Abyss (unwielding a weapon of
                  | distortion)
101839 | Abyss:6  | Learned a level 9 spell: Chain Lightning
101840 | Abyss:6  | Found a corrupted altar of Lugonu.
101896 | Abyss:7  | Entered Level 7 of the Abyss
101924 | Abyss:7  | Found a corrupted altar of Lugonu.
101980 | Abyss:7  | Paralysed by you for 3 turns
102048 | Slime:5  | Escaped the Abyss
102340 | Slime:5  | Learned a level 9 spell: Polar Vortex
103256 | Zot:3    | Found a transporter.
103259 | Zot:3    | Noticed a dread lich
103461 | Zot:3    | Noticed an ancient lich
103466 | Zot:3    | Found a radiant altar of Vehumet.
103513 | Zot:3    | Noticed an ancient lich
103523 | Zot:3    | Noticed an orb of fire
104399 | Zot:4    | Noticed an orb of fire
104404 | Zot:3    | Gained mutation: You are weak. (Str -2) [an orb of fire]
104406 | Zot:3    | Gained mutation: You are vulnerable to heat. (rF-) [an orb
                  | of fire]
104410 | Zot:3    | Gained mutation: You sometimes lose your temper in combat.
                  | [an orb of fire]
104414 | Zot:3    | HP: 3/224 [orb of fire/fireball (33)]
104417 | Zot:3    | Killed an orb of fire
104419 | Zot:3    | Lost mutation: You are vulnerable to heat. (rF-) [potion of
                  | mutation]
104419 | Zot:3    | Lost mutation: You sometimes lose your temper in combat.
                  | [potion of mutation]
104419 | Zot:3    | Gained mutation: You are frail. (-10% HP) [potion of
                  | mutation]
104420 | Zot:3    | Lost mutation: You are strong-willed. (Will+) [potion of
                  | mutation]
104420 | Zot:3    | Lost mutation: You are weak. (Str -2) [potion of mutation]
104420 | Zot:3    | Lost mutation: You are partially covered in iridescent
                  | scales. (AC +2) [potion of mutation]
104420 | Zot:3    | Gained mutation: You occasionally lose the ability to read
                  | scrolls when taking damage. [potion of mutation]
104420 | Zot:3    | Gained mutation: You are partially covered in iridescent
                  | scales. (AC +2) [potion of mutation]
104420 | Zot:3    | Gained mutation: Your mind is acute. (Int +4, Str/Dex -1)
                  | [potion of mutation]
104421 | Zot:3    | Lost mutation: You have a pair of small horns on your head.
                  | [potion of mutation]
104421 | Zot:3    | Lost mutation: Your spells are a little easier to cast, but
                  | a little less powerful. [potion of mutation]
104421 | Zot:3    | Gained mutation: You are mostly covered in iridescent
                  | scales. (AC +4) [potion of mutation]
104421 | Zot:3    | Gained mutation: You sometimes lose your temper in combat.
                  | [potion of mutation]
104421 | Zot:3    | Gained mutation: You have an increased reservoir of magic.
                  | (+10% MP) [potion of mutation]
104421 | Zot:3    | Gained mutation: You have hidden genetic potential. [potion
                  | of mutation]
104422 | Zot:3    | Lost mutation: You occasionally lose the ability to read
                  | scrolls when taking damage. [potion of mutation]
104422 | Zot:3    | Lost mutation: You are mostly covered in iridescent scales.
                  | (AC +4) [potion of mutation]
104422 | Zot:3    | Lost mutation: You are partially covered in iridescent
                  | scales. (AC +2) [potion of mutation]
104422 | Zot:3    | Gained mutation: You are partially covered in iridescent
                  | scales. (AC +2) [potion of mutation]
104422 | Zot:3    | Gained mutation: You are mostly covered in iridescent
                  | scales. (AC +4) [potion of mutation]
104751 | Zot:4    | Reached skill level 22 in Stealth
105137 | Zot:4    | Noticed an orb of fire
105144 | Zot:4    | Lost mutation: You have an increased reservoir of magic.
                  | (+10% MP) [an orb of fire]
105147 | Zot:4    | Lost mutation: You have hidden genetic potential. [an orb
                  | of fire]
105760 | Zot:4    | Identified the +0 leather armour of Gluttony {Str+3}
106512 | Zot:4    | Killed an orb of fire
106940 | Zot:5    | Entered Level 5 of the Realm of Zot
107375 | Zot:5    | Noticed an ancient lich
107378 | Zot:5    | Noticed an ancient lich
107379 | Zot:5    | Noticed an orb of fire
107591 | Zot:5    | Noticed a dread lich
107599 | Zot:5    | Killed a dread lich
107667 | Zot:5    | Gained mutation: You are very frail. (-20% HP) [an orb of
                  | fire]
107671 | Zot:5    | Killed an orb of fire
107760 | Zot:5    | Noticed an orb of fire
107761 | Zot:5    | Noticed a dread lich
107767 | Zot:5    | Killed an ancient lich
107769 | Zot:5    | Killed a dread lich
107769 | Zot:5    | Gained mutation: You do not regenerate when monsters are
                  | visible. [an orb of fire]
107775 | Zot:5    | Gained mutation: You are vulnerable to cold. (rC-) [an orb
                  | of fire]
107775 | Zot:5    | Killed from afar by an orb of fire

Illustrated notes

Levels and vault maps discovered:
D:1:      amcnicky_arrival_feature_with_door, layout_loops_ring
D:2:      layout_loops_corners, dreamdust_princess_corridor, nicolae_half_adder
D:3:      layout_basic, cheibrodos_ashenzari_chains,
          nicolae_qazlal_style_of_elements, roderic_batcave, uniq_terence
D:4:      layout_loops_ring, uniq_blork_the_orc, uniq_grinder
D:5:      layout_basic, mainiacjoe_overflow_brackets, lemuel_round_altar,
          nicolae_shop_firing_range
D:6:      layout_basic, nicolae_uskayaw_murder_on_the_dancefloor,
          lemuel_crystal_altar, temple_doors_e, kennysheep_generic_room_6
D:7:      layout_rooms, mainiacjoe_overflow_boulevard,
          mainiacjoe_overflow_concentric_impassable,
          nicolae_elyvilon_temple_path, serial_shops, shop
D:8:      nzn_winding_woodlands_small [nzn_winding_woodlands_5x15_sawtooth,
          nzn_winding_woodlands_center_diamonds,
          nzn_winding_woodlands_5x15_cabin], layout_cave_pools,
          gammafunk_temple_overflow_statue, minivault_1
D:9:      layout_loops_corners, nicolae_overflow_hidden_temple
D:10:     layout_long_grid, hiddenorc2_lemuel, dk_vineyard_1, uniq_joseph,
          uniq_josephine
D:11:     layout_irregular_city
D:12:     layout_gridville, yredelemnul_forgotten_temple_becter, uniq_sonja
D:13:     layout_long_grid, gammafunk_ghost_hydra_chop
D:14:     layout_irregular_city, david_vaults_4, grunt_decor_mini_mirrors
D:15:     gammafunk_enter_depths_forms, layout_irregular_city,
          hangedman_decor_peaks_small
Temple:   jpeg_temple_alley_garden
Lair:1:   layout_gridlike, gauntlet_entry_generic, grunt_megastairs_3,
          lemuel_fruit_fields, lemuel_fruit_fields
Lair:2:   layout_cave_pods, serial_bayou_shore_a, uniq_gastronok, uniq_nergalle
Lair:3:   layout_cave_pods, swamp_mist_pool, spider_nest_entry_a
Lair:4:   layout_regular_city, chequers_serial_rivers_room_a
Lair:5:   cheibrodos_lair_end_hotspot, layout_long_grid, slime_entry_1,
          ebering_ghost_reflecting_pool, nicolae_quartered_pool_medium
Swamp:1:  layout_basic_swamp, evilmike_swamp_ruin_house_1, uniq_louise,
          uniq_roxanne, uniq_aizul
Swamp:2:  layout_basic_swamp, nicolae_swamp_rocky_clearing,
          nicolae_swamp_oklob_treasure_island, infiniplex_staircase_pool_2,
          uniq_frances
Swamp:3:  layout_falls_marsh, ebering_ghost_xom, evilmike_swamp_ruin_house_6,
          swamp_pool2, uniq_mlioglotl, uniq_bai_suzhen
Swamp:4:  swamp_basic_johnstein, layout_basic_swamp, gammafunk_ghost_arena,
          uniq_mara
Spider:1: layout_spider_delve, drop_trap, nicolae_spider_moth_buddies
Spider:2: layout_cave_pods, nicolae_spider_circle_web,
          nicolae_spider_cling_halls
Spider:3: layout_spider_delve, gammafunk_ghost_mausoleum
Spider:4: spider_rune_water, drop_trap, nicolae_spider_twisty_arc_passages
Slime:1:  layout_caves
Slime:2:  layout_caves, nicolae_slime_welcoming_committee
Slime:3:  layout_caves
Slime:4:  layout_caves
Slime:5
Orc:1:    layout_caves, uniq_urug, uniq_jorgrun, uniq_maurice
Orc:2:    st_orc_open, layout_caves, basic_altar
Elf:1:    minmay_elf_arrival_summoners, layout_rooms,
          hangedman_elven_crosses_minicolossus, uniq_asterion
Elf:2:    nicolae_elf_blades_splatter_lattice
          [nicolae_blade_entry_diamond_columns], layout_loops_cross,
          serial_shops, shop, portal_ice_cave_entry_ugly_swarm,
          mu_enter_wizlab_2, st_stairs_4, nicolae_take_the_stairs, uniq_agnes
Elf:3:    minmay_elf_hall_four_x, layout_geoelf_castle, serial_shops,
          bzr_entry_water
Vaults:1: hangedman_vaults_corner_blocks, nicolae_vaults_little_squares_4,
          nicolae_vaults_closet_pinwheel_2, grunt_vaults_swirl, v_misc_23,
          vaults_mumra_lcd, v_rooms_2, v_misc_19, nicolae_vaults_rhombus_5,
          vaults_dpeg_ring, nicolae_vaults_diamond_1, grunt_vaults_hallway_long,
          vaults_room_pool, layout_vaults_omnibox
Vaults:2: nicolae_vaults_inception_network, minmay_crypt_entry_simple_corners,
          ontoclasm_vaults_ligature, nicolae_vaults_oval_intersection,
          vaults_room_fancy_cross, nicolae_vaults_storage_room_water,
          vaults_mumra_chevron_long, vaults_dpeg_doors,
          nicolae_vaults_weapon_check, nicolae_vaults_asterisk,
          nicolae_vaults_little_squares_4, layout_vaults_omnicross
Vaults:3: v_alt_pattern_5, nicolae_vaults_asterisk, vaults_standard_mumra_x,
          nicolae_vaults_two_Ls, nicolae_vaults_trapezoid_lopsided_1,
          nicolae_vaults_little_squares_3, vaults_mumra_hexcomb,
          nicolae_vaults_security_offices_4, nicolae_vaults_prndl,
          dpeg_vaults_monster_box, nicolae_vaults_lightning_bolt,
          vaults_room_hallway, nicolae_vaults_tetromino_T_2,
          layout_vaults_maze_snakey
Vaults:4: nicolae_vaults_layer_cake_slice, st_smaller_cells,
          hangedman_vaults_capsules, nicolae_vaults_storage_closets_1,
          nicolae_vaults_frosty_reception, vaults_room_hallway, v_misc_27,
          nicolae_vaults_asterisk, nicolae_vaults_closet_pinwheel_1,
          ontoclasm_vaults_claustrophobia, layout_vaults_ring, uniq_zenata
Vaults:5
Crypt:1:  layout_gridlike, pandoras_box_mu, uniq_margery
Crypt:2:  layout_gridlike, hex_tiny, amcnicky_altar_lugonu_corruption,
          grunt_megastairs_2
Crypt:3:  church_of_pain_bobbens, layout_chaotic_city,
          nicolae_tomb_entry_unfolded_pyramid_orthogonal
Depths:1: layout_gridlike, rand_demon_pan_entry_5, serial_shops, shop,
          minmay_misc_feat_ornament, hangedman_coc_ice_floe, dk_noncrumbling_3,
          chequers_serial_rivers_micro_d, nicolae_rock_paper_scissors,
          uniq_enchantress
Depths:2: minmay_bloctagon_deflated, layout_cave_pools,
          grunt_pan_entry_in_and_out, hell_entry, bloody_trog
Depths:3: minmay_the_grid_square_5x5_5x5 [minmay_the_grid_square_5x5_fat_x,
          minmay_the_grid_square_5x5_empty,
          minmay_the_grid_square_5x5_tetrominoes,
          minmay_the_grid_square_5x5_checkered_sparse,
          minmay_the_grid_square_5x5_checkered_statues,
          minmay_the_grid_square_5x5_moneybag,
          minmay_the_grid_square_5x5_prize_waves,
          minmay_the_grid_square_5x5_hollow_slash,
          minmay_the_grid_square_5x5_prize_snowflake,
          minmay_the_grid_square_5x5_inner_z, minmay_the_grid_square_5x5_v,
          minmay_the_grid_square_5x5_bridge,
          minmay_the_grid_square_5x5_prize_deathbox,
          minmay_the_grid_square_5x5_gyroscope,
          minmay_the_grid_square_5x5_two_small,
          minmay_the_grid_square_5x5_two_walls_b,
          minmay_the_grid_square_5x5_prize_rear_guard,
          minmay_the_grid_square_5x5_meh, minmay_the_grid_square_5x5_prize_junk,
          minmay_the_grid_square_5x5_intrusive_squares,
          minmay_the_grid_square_5x5_seven,
          minmay_the_grid_square_5x5_inverted_slash,
          minmay_the_grid_square_5x5_c,
          minmay_the_grid_square_5x5_almost_minimal,
          minmay_the_grid_square_5x5_longway], layout_long_grid,
          enter_ziggurat_e, kennysheep_donut, serial_shops,
          nicolae_shop_peninsula, shop, shop, shop, abyss_entry,
          rand_demon_pan_entry_1, pf_hell_entry_great_geh,
          nicolae_elevator_lobby_asterisk
Depths:4: evilmike_zot_entry_basic, layout_cave_pools, bh_walls_and_bars,
          grunt_hell_entry_dis_grunt, rand_demon_pan_entry_7, uniq_frederick
Zot:1:    kennysheep_ambush_hall, layout_onion_interference, st_stairs_7,
          zot_minivault_7
Zot:2:    layout_gridlike
Zot:3:    gammafunk_sealed_library, layout_twisted_circle
Zot:4:    layout_basic
Zot:5:    layout_basic

Skill      XL: |  1  2  3  4  5  6  7  8  9 10 11 12 13 14 15 16 17 18 19 20 21 22 23 24 25 26 27 |
---------------+----------------------------------------------------------------------------------+-----
Conjurations   | 2 3 4 5 6 7 8 9 10 11 12 13 14 15 16 | 16.8
Spellcasting   | 5 6 7 8 9 10 11 12 13 14 15 16 17 18 19 20 | 20.1
Invocations    | 1 2 3 4 5 6 7 8 9 10 11 12 13 14 15 16 17 18 19 20 21 | 21.1
Fighting       | 1 2 3 5 6 7 8 9 10 11 12 13 14 15 16 17 18 19 | 19.5
Short Blades   | 1 2 3 5 6 7 8 9 10 11 12 13 14 15 16 17 18 19 | 19.5
Long Blades    | 1 2 3 5 6 7 8 9 10 11 12 13 14 15 16 17 18 19 | 19.5
Axes           | 1 2 3 5 6 7 8 9 10 11 12 13 14 15 16 17 18 19 | 19.5
Maces & Flails | 1 2 3 5 6 7 8 9 10 11 12 13 14 15 16 17 18 19 | 19.5
Polearms       | 1 2 3 5 6 7 8 9 10 11 12 13 14 15 16 17 18 19 | 19.5
Staves         | 1 2 3 5 6 7 8 9 10 11 12 13 14 15 16 17 18 19 | 19.5
Ranged Weapons | 1 2 3 5 6 7 8 9 10 11 12 13 14 15 16 17 18 19 | 19.5
Throwing       | 1 2 3 5 6 7 8 9 10 11 12 13 14 15 16 17 18 19 | 19.5
Armour         | 1 2 3 5 6 7 8 9 10 11 12 13 14 15 16 17 18 19 | 19.5
Shields        | 1 2 3 5 6 7 8 9 10 11 12 13 14 15 16 17 18 19 | 19.5
Unarmed Combat | 1 2 3 5 6 7 8 9 10 11 12 13 14 15 16 17 18 19 | 19.5
Evocations     | 1 2 3 5 6 7 8 9 10 11 12 13 14 15 16 17 18 20 21 | 21.7
Hexes          | 1 2 3 4 5 6 7 8 9 10 11 12 13 14 15 16 | 16.7
Summonings     | 1 2 3 4 5 6 7 8 9 10 11 12 13 14 15 16 | 16.7
Necromancy     | 1 2 3 4 5 6 7 8 9 10 11 12 13 14 15 16 | 16.7
Translocations | 1 2 3 4 5 6 7 8 9 10 11 12 13 14 15 16 17 19 | 19.3
Transmutations | 1 2 3 4 5 6 7 8 9 10 11 12 13 14 15 16 | 16.7
Ice Magic      | 1 2 3 4 5 6 7 8 9 10 11 12 13 14 15 16 | 16.7
Air Magic      | 1 2 3 4 5 6 7 8 9 10 11 12 13 14 15 16 | 16.7
Earth Magic    | 1 2 3 4 5 6 7 8 9 10 11 12 13 14 15 16 | 16.7
Poison Magic   | 1 2 3 4 5 6 7 8 9 10 11 12 13 14 15 16 | 16.7
Dodging        | 5 6 7 8 9 10 11 12 13 14 15 16 17 18 19 20 | 20.0
Stealth        | 5 6 7 8 9 10 11 12 13 14 15 16 17 18 19 20 22 | 22.5
Fire Magic     | 6 7 8 9 10 11 12 13 14 15 16 17 | 17.4

Action                     |  1- 3 |  4- 6 |  7- 9 | 10-12 | 13-15 | 16-18 | 19-21 | 22-24 | 25-27 || total
---------------------------+-------+-------+-------+-------+-------+-------+-------+-------+-------++-------
  Melee: Unarmed           |     1 |     3 |       |     3 |       |       |       |       |    17 ||    24
         Punch             |       |     1 |       |       |       |       |       |       |       ||     1
         Bite              |       |       |       |     2 |     9 |    31 |    11 |    35 |    87 ||   175
         Staff             |       |       |       |     2 |    76 |   157 |    81 |   284 |   288 ||   888
         Double sword      |       |       |       |       |       |       |       |       |   285 ||   285
         Headbutt          |       |       |       |       |       |       |       |       |    27 ||    27
   Cast: Foxfire           |    83 |   130 |   341 |   354 |   604 |    66 |       |       |       ||  1578
         Scorch            |     1 |    34 |    32 |   109 |   163 |    20 |       |       |       ||   359
         Volatile Blastmot |       |       |       |    22 |    17 |       |       |       |       ||    39
         Flame Wave        |       |       |       |    18 |     2 |       |       |       |       ||    20
         Anguish           |       |       |       |     5 |     1 |       |       |       |       ||     6
         Freezing Cloud    |       |       |       |       |   285 |    38 |     3 |       |       ||   326
         Arcjolt           |       |       |       |       |    93 |    34 |    64 |    21 |     4 ||   216
         Starburst         |       |       |       |       |    35 |    60 |     2 |     7 |     7 ||   111
         Iskenderun's Myst |       |       |       |       |     6 |    18 |     2 |    11 |    41 ||    78
         Lee's Rapid Decon |       |       |       |       |     4 |    34 |     3 |     7 |    22 ||    70
         Plasma Beam       |       |       |       |       |       |   299 |   498 |   322 |   374 ||  1493
         Statue Form       |       |       |       |       |       |    34 |    92 |    71 |    75 ||   272
         Yara's Violent Un |       |       |       |       |       |     6 |     4 |     7 |    14 ||    31
         Iron Shot         |       |       |       |       |       |       |     9 |    48 |    52 ||   109
         Ignition          |       |       |       |       |       |       |       |    98 |   191 ||   289
         Manifold Assault  |       |       |       |       |       |       |       |       |   143 ||   143
         Storm Form        |       |       |       |       |       |       |       |       |     1 ||     1
         Polar Vortex      |       |       |       |       |       |       |       |       |     5 ||     5
         Chain Lightning   |       |       |       |       |       |       |       |       |     4 ||     4
  Evoke: Wand              |       |       |       |    10 |     5 |     4 |       |       |     5 ||    24
         Condenser vane    |       |       |       |       |     2 |     3 |       |     5 |     5 ||    15
         Box of beasts     |       |       |       |       |       |     1 |     1 |     1 |     2 ||     5
    Use: Scroll            |       |     8 |     4 |     5 |    11 |    15 |     8 |     6 |    18 ||    75
         Potion            |       |       |       |     1 |     5 |     8 |       |     7 |    43 ||    64
   Stab: Invisible         |       |       |       |       |       |     2 |       |       |       ||     2
         Distracted        |       |       |       |       |       |       |       |       |     1 ||     1
 Armour: Robe              |     3 |     6 |     3 |    30 |    83 |    50 |    15 |     9 |   111 ||   310
         Skin              |       |       |       |       |       |   167 |   182 |   300 |   252 ||   901
  Dodge: Dodged            |     1 |    38 |    20 |   115 |   140 |   264 |   235 |   370 |   682 ||  1865
  Block: Buckler           |       |       |       |       |    71 |   237 |   268 |   480 |   693 ||  1749
         Reflection        |       |       |       |       |       |     2 |    23 |    23 |    19 ||    67

Table legend: (Time is in decaauts)
 A = Elapsed time spent in this place.
 B = Non-inter-level travel time spent in this place.
 C = Inter-level travel time spent in this place.
 D = Time resting spent in this place.
 E = Time spent auto-exploring this place.
 F = Levels seen in this place.
 G = Mean time per level.
                   A        B        C        D        E       F      G
               +--------+--------+--------+--------+--------+-----+--------+
         Total | 115811 | 105149 |  10662 |  39556 |  49148 |  59 | 1962.9 |
       Dungeon |  25257 |  20949 |   4308 |   4755 |  13482 |  15 | 1683.8 |
        Temple |    224 |    171 |     53 |      0 |    167 |   1 |  224.0 |
          Lair |  14061 |  12494 |   1567 |   4957 |   5446 |   5 | 2812.2 |
         Swamp |   6066 |   5544 |    522 |   1754 |   2893 |   4 | 1516.5 |
   Spider Nest |  11426 |  10814 |    612 |   6018 |   3172 |   4 | 2856.5 |
    Slime Pits |   4952 |   4854 |     98 |   3055 |   1165 |   5 |  990.4 |
  Orcish Mines |   4293 |   3936 |    357 |   1931 |   1251 |   2 | 2146.5 |
   Elven Halls |   7474 |   6697 |    777 |   2264 |   3181 |   3 | 2491.3 |
        Vaults |  13489 |  12573 |    916 |   4798 |   5958 |   5 | 2697.8 |
         Crypt |   7031 |   6487 |    544 |   2336 |   2983 |   3 | 2343.7 |
        Depths |  10219 |   9590 |    629 |   3947 |   4226 |   4 | 2554.8 |
           Zot |   8920 |   8647 |    273 |   3465 |   3776 |   5 | 1784.0 |
         Abyss |    175 |    175 |      0 |      7 |      0 |   2 |   87.5 |
        Wizlab |   2218 |   2218 |      0 |    265 |   1445 |   1 | 2218.0 |
               +--------+--------+--------+--------+--------+-----+--------+

Top non-repeatable levels by time:
  Lair:3: 4392 daAuts
Spider:2: 4041 daAuts
  Lair:5: 3561 daAuts
Vaults:2: 3445 daAuts
   Elf:3: 3353 daAuts
Depths:4: 3204 daAuts
    D:14: 3123 daAuts
Vaults:1: 2988 daAuts
Depths:3: 2967 daAuts
Vaults:4: 2839 daAuts
   Zot:4: 2763 daAuts
    D:10: 2690 daAuts
 Crypt:3: 2546 daAuts
Spider:4: 2535 daAuts
Vaults:3: 2477 daAuts
